 Dungeon Crawl Stone Soup version 0.30.1-3-gfc49f6343a (webtiles) character file.

Game seed: 16618124481913176906

4848 shmup the Arsonist (level 10, -27/59 HPs)
             Began as a Tengu Fire Elementalist on Aug 2, 2023.
             Was a Follower of Qazlal.
             Annihilated by a two-headed ogre
             ... wielding a +0 giant spiked club
              (36 damage)
             ... on level 9 of the Dungeon.
             The game lasted 00:31:42 (12009 turns).

shmup the Arsonist (Tengu Fire Elementalist)       Turns: 12009, Time: 00:31:43

Health: -27/59     AC:  6    Str:  8    XL:     10   Next: 49%
Magic:  11/23      EV: 18    Int: 27    God:    Qazlal [*.....]
Gold:   463        SH:  1    Dex: 20    Spells: 3/13 levels left

rFire   . . .        a - +3 whip (freeze)
rCold   . . .        (no shield)
rNeg    . . .        N - +3 leather armour of True Grit {MP+9}
rPois   .            (helmet restricted)
rElec   .            H - scarf {+Inv}
rCorr   .            (no gloves)
SInv    .            (boots unavailable)
Will    .....        (no amulet)
Stlth   ++           L - +6 ring of dexterity
HPRegen 0.29/turn    M - +6 ring of intelligence
MPRegen 0.18/turn

%: no passive effects
@: flying quickly and evasively, quick
A: beak, talons 3, nimble flight
a: Renounce Religion, Evoke Invisibility


You were on level 9 of the Dungeon.
You worshipped Qazlal.
Qazlal was aware of your devotion.
You visited 2 branches of the dungeon, and saw 10 of its levels.

You collected 463 gold pieces.

Inventory:

Hand Weapons
 a - a +3 whip of freezing (weapon)
 b - a +0 dagger
 l - a +1 dagger of protection
 u - a +0 spear
 v - a +2 heavy sling
 x - a +2 flail of holy wrath
 R - a +4 dagger
Missiles
 e - 21 stones
 f - 26 poisoned darts
 C - 5 javelins
 T - a throwing net
Armour
 i - a +1 robe
 q - an orb of mayhem
 H - a scarf of invisibility (worn)
 N - the +3 leather armour of True Grit (worn) {MP+9}
   (You found it on level 7 of the Dungeon)

   MP:        It affects your magic capacity (+9).
 S - a +2 robe of cold resistance
Jewellery
 m - a ring of protection from fire
 D - a ring of resist corrosion
 L - a +6 ring of dexterity (left hand)
 M - a +6 ring of intelligence (right hand)
 W - a ring of ice
Wands
 n - a wand of acid (8)
 t - a wand of paralysis (14)
 P - a wand of mindburst (12)
 U - a wand of polymorph (7)
Scrolls
 c - 2 scrolls of blinking
 g - 2 scrolls of immolation
 j - 4 scrolls of enchant weapon
 o - a scroll of fear
 p - 2 scrolls of teleportation
 r - a scroll of poison
 s - a scroll of amnesia
 w - a scroll of vulnerability
 y - a scroll of enchant armour
 F - 3 scrolls of magic mapping
 G - a scroll of fog
 I - 2 scrolls of summoning
 K - a scroll of identify
 V - a scroll of noise
Potions
 d - 2 potions of heal wounds
 h - 4 potions of curing
 k - a potion of magic
 z - 2 potions of mutation
 A - 2 potions of resistance
 B - a potion of flight
 E - a potion of degeneration
 J - a potion of ambrosia
 O - 2 potions of brilliance
 Q - a potion of might


   Skills:
 + Level 5.4 Fighting
 - Level 3.0 Armour
 + Level 6.5 Dodging
 - Level 2.0 Stealth
 - Level 2.0 Spellcasting
 + Level 9.1 Conjurations
 - Level 2.0 Hexes
 * Level 11.4 Fire Magic


You had 3 spell levels left.
You knew the following spells:

 Your Spells              Type           Power      Damage    Failure   Level
a - Foxfire               Conj/Fire      100%       2x1d9     1%          1
b - Scorch                Fire           100%       2d9       1%          2
c - Inner Flame           Hex/Fire       39%        N/A       2%          3
d - Flame Wave            Conj/Fire      55%        2d13      1%          4

Your spell library contained the following spells:

 Spells                   Type           Power      Damage    Failure   Level
 Dazzling Flash           Conj/Hex       64%        N/A       4%          3
 Volatile Blastmotes      Fire/Tloc      66%        2d15      4%          3
 Stone Arrow              Conj/Erth      54%        3d10      6%          3
 Mephitic Cloud           Conj/Pois/Air  19%        N/A       12%         3
 Necrotise                Necr           8%         1d4       14%         1
 Sandblast                Erth           4%         2d4       14%         1
 Passwall                 Tmut/Erth      1%         N/A       21%         2
 Poisonous Vapours        Pois/Air       4%         N/A       21%         2
 Vampiric Draining        Necr           2%         2d6       38%         3
 Iskenderun's Mystic Bla  Conj/Tloc      27%        2d7       22%         4
 Starburst                Conj/Fire      27%        6d9       30%         6
 Freezing Cloud           Conj/Ice/Air   9%         6-21      73%         5
 Agony                    Necr           2%         N/A       98%         5


Dungeon Overview and Level Annotations

Branches:
Dungeon (9/15) Zot: 26992  Temple (1/1) D:7 Zot: 5927
   Lair: D:8-11         Orc: D:9-12

Altars:
Ashenzari
Cheibriados
Fedhas
Hepliaklqana
Kikubaaqudgha
Qazlal
Ru
Sif Muna
Trog
Uskayaw
Vehumet
Wu Jian
Xom
Zin
The Shining One

Shops:
D:1 ((   D:2 *

Portals:
Abyss: D:6

Annotations:
D:4 exclusion: downstairs
D:6 2 transporters, kitiara's ghost, novice TeAE


Innate Abilities, Weirdness & Mutations

You have a beak for a mouth.
You have claws for feet.
Your magical nature lets you fly swiftly and evasively.


Message History

Confirm with . or Enter, or press ? or * to list all spells.
You conjure some foxfire!
Casting: Foxfire (safe; 1% risk of failure)
Confirm with . or Enter, or press ? or * to list all spells.
Flames lash the two-headed ogre but do no damage.
The foxfire hits the two-headed ogre.
The two-headed ogre is lightly wounded.
The foxfire hits the two-headed ogre.
The two-headed ogre is lightly wounded.
Casting: Scorch (safe; 1% risk of failure)
Confirm with . or Enter, or press ? or * to list all spells.
Flames lash the two-headed ogre.
The two-headed ogre is moderately wounded.
The two-headed ogre's fire resistance burns away.
Casting: Scorch (safe; 1% risk of failure)
Confirm with . or Enter, or press ? or * to list all spells.
Flames lash the two-headed ogre.
The two-headed ogre is burned terribly!
The two-headed ogre is moderately wounded.
The two-headed ogre barely misses you.
The two-headed ogre hits you with a +0 giant club!!
* * * LOW HITPOINT WARNING * * *
Casting: Scorch (safe; 1% risk of failure)
Confirm with . or Enter, or press ? or * to list all spells.
Flames lash the two-headed ogre.
The two-headed ogre is burned terribly!
The two-headed ogre is heavily wounded.
Unknown command.
Casting: Scorch (safe; 1% risk of failure)
Confirm with . or Enter, or press ? or * to list all spells.
Flames lash the two-headed ogre.
The two-headed ogre is burned terribly!
The two-headed ogre is severely wounded.
The two-headed ogre barely misses you.
The two-headed ogre hits you with a +0 giant club!!
* * * LOW HITPOINT WARNING * * *
Casting: Scorch (safe; 1% risk of failure)
Confirm with . or Enter, or press ? or * to list all spells.
Flames lash the two-headed ogre.
The two-headed ogre is burned terribly!
The two-headed ogre is almost dead.
The two-headed ogre hits you with a +0 giant spiked club!!!
Ouch! That really hurt!
You die...

............
...........
...........
..........
.........▒
.........▒
▒...O.▒▒
▒☼Q..▒
▒...▒▒ ▒▒▒▒▒


You could see a two-headed ogre (combustible).

Vanquished Creatures
  Pikel (D:4)
  Grinder (D:3)
  6 yaks (D:8)
  2 steam dragons
  Menkaure (D:6)
  3 black bears
  A sky beast (D:7)
  An orc warrior (D:7)
  2 ice beasts (D:7)
  4 centaurs
  4 phantoms
  3 lemures
  A kobold brigand (D:8)
  6 bullfrogs
  5 scorpions
  3 wights
  Ijyb (D:3)
  2 gnoll boudas
  2 orc priests
  3 hounds
  4 jellies
  A sleepcap (D:5)
  Jessica (D:3)
  2 iguanas
  2 orc wizards
  9 gnolls
  8 adders
  A white imp (D:6)
  An ufetubus (D:5)
  2 worms
  2 dart slugs
  23 orcs
  7 bats
  5 endoplasms
  A giant cockroach (D:2)
  12 goblins
  8 hobgoblins
  15 kobolds
  6 quokkas
  4 ball pythons
  4 frilled lizards
  10 rats
180 creatures vanquished.

Vanquished Creatures (others)
  344 foxfires
344 creatures vanquished.

Grand Total: 524 creatures vanquished

Notes
Turn   | Place    | Note
-------+----------+-------------------------------------------
     0 | D:1      | shmup the Tengu Fire Elementalist began the quest for the
                  | Orb.
     0 | D:1      | Reached XP level 1. HP: 10/10 MP: 4/4
     3 | D:1      | Found Rutteaz's Antique Weapon Shop.
   280 | D:1      | Reached XP level 2. HP: 15/15 MP: 4/6
   283 | D:1      | Learned a level 2 spell: Scorch
   413 | D:1      | Found Duuckolu's Weapon Emporium.
   942 | D:1      | Reached skill level 4 in Fire Magic
  1137 | D:2      | Reached XP level 3. HP: 19/19 MP: 0/7
  1662 | D:2      | Reached XP level 4. HP: 24/24 MP: 4/8
  1716 | D:2      | Found Vyimi's Assorted Antiques.
  2079 | D:2      | Reached skill level 5 in Fire Magic
  2173 | D:3      | Noticed Jessica
  2177 | D:3      | Killed Jessica
  2384 | D:3      | Noticed Ijyb
  2391 | D:3      | Paralysed by Ijyb for 4 turns
  2396 | D:3      | Killed Ijyb
  2397 | D:3      | Gained mutation: Your magical nature lets you fly swiftly
                  | and evasively. [Tengu growth]
  2397 | D:3      | Reached XP level 5. HP: 25/28 MP: 1/9
  2603 | D:3      | Noticed Grinder
  2778 | D:3      | Killed Grinder
  2779 | D:3      | Reached skill level 5 in Conjurations
  2779 | D:3      | Reached skill level 6 in Fire Magic
  2779 | D:3      | Reached XP level 6. HP: 27/32 MP: 1/10
  2978 | D:3      | Noticed a moth of wrath
  2981 | D:3      | Found a bloodstained altar of Trog.
  3258 | D:3      | Learned a level 3 spell: Inner Flame
  3436 | D:4      | Reached skill level 7 in Fire Magic
  3440 | D:4      | Reached XP level 7. HP: 37/37 MP: 5/11
  3776 | D:4      | Reached skill level 1 in Fighting
  4262 | D:4      | Found a shimmering altar of Xom.
  4826 | D:5      | Entered Level 5 of the Dungeon
  5578 | D:5      | Reached skill level 1 in Hexes
  5722 | D:5      | Reached XP level 8. HP: 41/44 MP: 4/12
  5731 | D:5      | Reached skill level 8 in Fire Magic
  6292 | D:5      | Noticed Pikel
  6657 | D:4      | Killed Pikel
  6658 | D:4      | Reached skill level 9 in Fire Magic
  7001 | D:5      | Found a blossoming altar of Fedhas.
  7020 | D:5      | Found a stormy altar of Qazlal.
  7028 | D:5      | Became a worshipper of Qazlal Stormbringer
  7076 | D:5      | Found a shimmering blue altar of Sif Muna.
  7129 | D:6      | Reached XP level 9. HP: 51/51 MP: 6/13
  7169 | D:6      | Noticed Menkaure
  7177 | D:6      | Killed Menkaure
  7645 | D:6      | Found a transporter.
  7646 | D:6      | Found a transporter.
  7692 | D:6      | Reached skill level 5 in Dodging
  8207 | D:6      | Noticed a thrashing horror
  8214 | D:6      | Found a one-way gate to the infinite horrors of the Abyss.
  8316 | D:6      | Noticed kitiara's ghost (novice TeAE)
  8693 | D:7      | Reached skill level 10 in Fire Magic
  8967 | D:7      | Identified the +3 leather armour of True Grit {MP+9}
  9269 | D:7      | Reached skill level 1 in Armour
  9801 | D:6      | Learned a level 4 spell: Flame Wave
  9822 | D:7      | Reached XP level 10. HP: 58/58 MP: 14/14
  9970 | D:7      | Found a staircase to the Ecumenical Temple.
 10078 | D:7      | Reached skill level 5 in Fighting
 10118 | Temple   | Entered the Ecumenical Temple
 10231 | D:8      | Reached * piety under Qazlal
 10360 | D:8      | Reached skill level 11 in Fire Magic
 10751 | D:8      | Found a hazy altar of Hepliaklqana.
 12002 | D:9      | Noticed a two-headed ogre
 12009 | D:9      | Annihilated by a two-headed ogre

Illustrated notes

Levels and vault maps discovered:
D:1:      wander_arrival_fairy_ring, layout_basic, serial_shops, shop,
          nicolae_shop_scrapyard
D:2:      layout_basic, serial_shops, shop_statue, minmay_octomino_e4
D:3:      layout_rooms, tgw_trog, uniq_ijyb, uniq_grinder, uniq_jessica
D:4:      layout_basic, tgw_xom, kennysheep_generic_room_11
D:5:      layout_rooms, grunt_temple_overflow_forces_of_nature,
          lemuel_doored_altar, serial_glass, glass_columns_b, glass_columns_a,
          uniq_pikel
D:6:      layout_basic, gammafunk_ghost_abyssal_escape, uniq_menkaure
D:7:      layout_loops_ring, minmay_temple_entry_nine_rooms
D:8:      layout_loops_ring, amcnicky_altar_gilded
D:9:      layout_cave_pools, gammafunk_temple_overflow_arena, hiddenorc1_lemuel
Temple:   dpeg_three_leaves_temple

Skill      XL: |  1  2  3  4  5  6  7  8  9 10 |
---------------+-------------------------------+-----
Conjurations   | 2 3 5 6 8 9 |  9.1
Fire Magic     | 4 5 6 7 9 10 11 | 11.4
Fighting       | 2 3 4 5 |  5.4
Dodging        | 3 4 5 6 |  6.5
Hexes          | 1 2 |  2.0
Armour         | 2 3 |  3.0
Stealth        | |  2.0
Spellcasting   | |  2.0

Action                     |  1- 3 |  4- 6 |  7- 9 | 10-12 || total
---------------------------+-------+-------+-------+-------++-------
  Melee: Spear             |     2 |    17 |     5 |       ||    24
         Kick              |       |     4 |     2 |       ||     6
         Peck              |       |     1 |     2 |       ||     3
  Throw: Stone             |       |       |     1 |       ||     1
   Cast: Foxfire           |    47 |    59 |    83 |    31 ||   220
         Scorch            |     2 |    12 |   101 |    49 ||   164
         Inner Flame       |       |       |    12 |    12 ||    24
    Use: Scroll            |       |       |    19 |     3 ||    22
 Armour: Robe              |       |     2 |     1 |       ||     3
         Leather armour    |       |       |     2 |     5 ||     7
  Dodge: Dodged            |     5 |    25 |    54 |    32 ||   116
